[Event "*** Titled Tuesday Blitz"]
[Site "Chess.com"]
[Date "2020.04.21"]
[Round "1"]
[White "tacticthunder"]
[Black "ViktoriyaTarasova"]
[Result "1-0"]
[WhiteElo "2628"]
[BlackElo "2235"]
[TimeControl "180+1"]
[EndTime "10:07:55 PDT"]
[Termination "tacticthunder won by resignation"]

1. e4 c5 2. Nf3 d6 3. d4 cxd4 4.
Nxd4 Nf6 5. Nc3 a6 6. h3 e5 7.
Nde2 h5 8. g3 b5 9. Bg2 Be7 10.
O-O h4 11. g4 Bb7 12. Be3 b4 13. Nd5 Nxd5 14. exd5 Bg5 15. Bxg5 Qxg5 16. f4 exf4 17. Rxf4 O-O 18. Rxb4 Qe3+ 19. Kh1 Re8 20. Rxb7 Qxe2 21.
Qxe2 Rxe2 22. b4 Rxc2 23. Re1 Kf8 24. Ree7 Rf2 25. Rec7 Nd7 26. Rxd7 Re8 27. Kg1 Rf6 28. Rbc7 g5 29. Rc2 Re1+ 30. Kh2 Rb1 31. Rb7 Rf4 32.
a4 a5 33. b5 Rxa4 34. Rf2 Rf4 35. Rxf4 gxf4 36. b6 Rb2 37. Kg1 a4 38. Ra7 Rxb6 39.
Rxa4 Rb1+ 40. Kf2 Rb2+ 41. Kf3 Kg7 42. Rxf4 Rb3+ 43. Kf2 Rb2+ 44. Kg1 Rb1+ 45. Rf1 Rb2 46. Rf2 Rb1+ 47. Kh2 f6 48. Be4 Rb4 49. Bf3 Kg6 50.
Re2 Rd4 51. Kg2 Kg5 52. Rf2 Rb4 53. Be2 Rd4 54. Rf5+ Kg6 55. Kf2 Ra4 56. Bd3 Kg7 57.
Ke3 Ra3 58. Rh5 Ra5 59. Rf5 Rc5 60. Kd4 Ra5 61. Rh5 Ra4+ 62. Bc4 Kg6 63. Rxh4 f5 64. gxf5+ Kxf5 65. Rh8 Ra1 66. h4 Rd1+ 67. Bd3+ Kg4 68. h5 Kg5 69. h6 1-0

[Event "*** Titled Tuesday Blitz"]
[Site "Chess.com"]
[Date "2020.04.21"]
[Round "1"]
[White "Taron_Shagbazyan"]
[Black "MichailovM"]
[Result "1-0"]
[WhiteElo "2631"]
[BlackElo "2304"]
[TimeControl "180+1"]
[EndTime "10:07:56 PDT"]
[Termination "Taron_Shagbazyan won on time"]

1. d4 Nf6 2. c4 g6 3. g3 Bg7 4. Bg2 O-O 5. Nc3 d6 6. e3 Nc6 7. Nge2 a6 8. O-O Rb8 9. b3 Bd7 10. a4 e5 11. Bb2 Re8 12. h3 a5 13. Kh2 Nb4 14. dxe5 dxe5 15. Qb1 c6 16. Rd1 Qc7 17.
Na2 h5 18. Nxb4 axb4 19. Qc1 h4 20. Qd2 hxg3+ 21. Nxg3 c5 22. Qd6 Rbc8 23. a5 Re6 24. Qxc7 Rxc7 25. Ne4 Nxe4 26. Bxe4 Ra6 27. Bd5 Kf8 28.
Kg2 Ke7 29. f4 Bf5 30. fxe5 Bc2 31. Rf1 Ke8 32. Rf2 Bxb3 33. Raf1 Rxa5 34. Bxf7+ Kd8 35.
Bd5 Ra2 36. h4 Re7 37. Rd2 Kc7 38.
Rf6 Bh6 39. Rxg6 Bxe3 40. Re2 Bd4 41. Bxd4 Rxe2+ 42. Kf3 Rd2 43. Bxc5 Rd7 44. Bb6+ 1-0

[Event "*** Titled Tuesday Blitz"]
[Site "Chess.com"]
[Date "2020.04.21"]
[Round "1"]
[White "DDTerziev04"]
[Black "aliba25"]
[Result "1-0"]
[WhiteElo "2289"]
[BlackElo "2592"]
[TimeControl "180+1"]
[EndTime "10:07:58 PDT"]
[Termination "DDTerziev04 won by resignation"]

1. e4 g6 2. d4 Bg7 3. Nc3 d6 4. Nf3 a6 5. a4 b6 6. Be2 Nf6 7. Be3 O-O 8. O-O Bb7 9. h3 Nxe4 10. Nxe4 Bxe4 11. Nd2 Bb7 12. Bf3 Bxf3 13. Qxf3 Nd7 14.
c3 e5 15. dxe5 Nxe5 16. Qe2 Re8 17. f4 Nd7 18. Qf2 Nc5 19. Bxc5 dxc5 20. Nf3 Qd3 21. Rad1 Qe2 22. Rfe1 Qxf2+ 23. Kxf2 Rxe1 24. Rxe1 Bf6 25. g4 Kf8 26. g5 Bg7 27. Rd1 Ke7 28. Re1+ Kd7 29.
Rd1+ Kc6 30. Re1 Rd8 31. Re7 Rd7 32. Re8 f6 33. h4 b5 34. Re6+ Rd6 35. Re7 Rd7 36.
Re6+ Kd5 37. Rxa6 fxg5 38. hxg5 c6 39. axb5 cxb5 40. Rb6 Kc4 41. Ne5+ Bxe5 42. fxe5 Re7 43. e6 b4 44. Ke3 bxc3 45. bxc3 Kd5 46. Kf4 Rxe6 47.
c4+ Kxc4 48. Rxe6 Kd5 49. Re7 c4 50. Rxh7 Kd4 51. Rg7 c3 52. Rxg6 Kc5 53. Rg8 1-0

[Event "*** Titled Tuesday Blitz"]
[Site "Chess.com"]
[Date "2020.04.21"]
[Round "1"]
[White "chessfrendz"]
[Black "Arman_Hakemi"]
[Result "0-1"]
[WhiteElo "2230"]
[BlackElo "2600"]
[TimeControl "180+1"]
[EndTime "10:07:59 PDT"]
[Termination "Arman_Hakemi won by checkmate"]

1. d4 Nf6 2. c4 e6 3. Nc3 Bb4 4.
e3 O-O 5. Bd3 d5 6. Ne2 Re8 7.
a3 Bd6 8. f4 c5 9. O-O cxd4 10.
exd4 dxc4 11. Bxc4 b6 12. Be3 Bb7 13. Rc1 Nc6 14. Ba2 Ne7 15. Bb1 Nf5 16. Bf2 Qd7 17.
h3 Rad8 18. Qd3 Bb8 19. Rfe1 Qc6 20. d5 Nxd5 21. Nxd5 Qxd5 22. Qxd5 Rxd5 23. g4 Ne7 24. Be4 Rd7 25. Bxb7 Rxb7 26. Red1 Nd5 27. Bg3 Rd7 28.
Kf2 Red8 29. Kf3 f5 30. g5 Ne7 31. Rxd7 Rxd7 32. Bf2 e5 33. fxe5 Bxe5 34. b4 Rd3+ 35. Kg2 Rxa3 36. Rd1 Kf7 37. Rd7 Ke6 38. Rb7 Ra2 39.
h4 Rxe2 40. Kf3 Ra2 41. h5 Ra3+ 42. Kg2 h6 43. gxh6 gxh6 44. b5 Nd5 45. Rh7 Nf4+ 46.
Kg1 Ra1+ 47. Kh2 Nd3+ 48. Kg2 Ra2 49. Rxh6+ Kd5 50. Rg6 Rxf2+ 51. Kg1 Rh2 52. h6 Bf4 53. Rf6 Rxh6 54. Rxf5+ Ke4 55. Rf7 Rg6+ 56. Kf1 Be3 57. Re7+ Ne5 58. Ke2 Rg2+ 59. Kf1 Rf2+ 60. Ke1 Ra2 61. Kf1 Kf3 62. Rf7+ Nxf7 63. Ke1 Ra1# 0-1

[Event "*** Titled Tuesday Blitz"]
[Site "Chess.com"]
[Date "2020.04.21"]
[Round "1"]
[White "manitodeplomo"]
[Black "alex_zapata"]
[Result "1-0"]
[WhiteElo "2593"]
[BlackElo "2240"]
[TimeControl "180+1"]
[EndTime "10:07:59 PDT"]
[Termination "manitodeplomo won by resignation"]

1. d4 d5 2. c4 Nf6 3. Nf3 c6 4. Nc3 e6 5. Bg5 Nbd7 6. e3 Qa5 7.
Nd2 dxc4 8. Bxf6 Nxf6 9. Nxc4 Qc7 10. Be2 Be7 11. O-O O-O 12. Rc1 Rd8 13. a3 h6 14. b4 Nd5 15. Ne4 Bd7 16. Qb3 Be8 17.
Rc2 Rac8 18. Rfc1 Qb8 19. g3 b6 20. Ne5 Qb7 21. Bf3 Rc7 22. h4 Rdc8 23. Kg2 f6 24.
Nd3 Bf7 25. Qb2 Qa6 26. Nf4 Nxf4+ 27. gxf4 f5 28. Nd2 Bxh4 29. Bxc6 b5 30. Bxb5 Qb7+ 31. Nf3 Rxc2 32. Rxc2 Rxc2 33. Qxc2 Qxb5 34. Nxh4 Qd5+ 35. Kg3 g5 36. fxg5 hxg5 37. Nf3 Qd6+ 38. Ne5 Bh5 39. Qc8+ Kg7 40. Qd7+ Qxd7 41. Nxd7 Kf7 42. f3 Ke7 43. Ne5 Kd6 44. a4 Be8 45. b5 Kc7 46. f4 gxf4+ 47. Kxf4 Kb6 48. Nc4+ Kc7 49. Ke5 Kd7 50. Na5 Bf7 51.
Nc6 Kc7 52. Nxa7 Kb6 53. Nc8+ Ka5 54. Nd6 Bg8 55. Nc4+ Kxa4 56. b6 f4 57. exf4 1-0

[Event "*** Titled Tuesday Blitz"]
[Site "Chess.com"]
[Date "2020.04.21"]
[Round "1"]
[White "The_Chess_Coach"]
[Black "GM_LOADING"]
[Result "1-0"]
[WhiteElo "2146"]
[BlackElo "2509"]
[TimeControl "180+1"]
[EndTime "10:07:59 PDT"]
[Termination "The_Chess_Coach won on time"]

1. d4 Nf6 2. c4 e6 3. Nc3 Bb4 4.
e3 O-O 5. Bd2 b6 6. Nf3 Bb7 7.
Bd3 d6 8. Rc1 Nbd7 9. a3 Bxc3 10.
Bxc3 a5 11. O-O a4 12. Bc2 Bc6 13. d5 exd5 14. Nd4 Bb7 15. Qf3 Ne5 16. Qg3 Ne4 17. Bxe4 dxe4 18. Rfd1 Qf6 19. Nb5 Rac8 20. Bxe5 dxe5 21.
Rd7 Bc6 22. Rdd1 Bxb5 23. cxb5 Rfd8 24. Qg4 Rxd1+ 25. Qxd1 g6 26. Qxa4 Rd8 27. Qc2 Rd7 28. h3 Qf5 29. Rd1 Rd3 30. Rc1 Kg7 31. Qe2 Qd7 32.
Kh2 Rd2 33. Qc4 Rxf2 34. Qxc7 Qf5 35. Qxb6 Qf3 36. Rg1 g5 37. Qc7 Qf5 38. Qc5 g4 39. Kh1 gxh3 40. gxh3+ Kh6 41. Qd6+ Kh5 42. Qd1+ Kh6 43.
Qd6+ Kh5 44. Qd1+ Rf3 45. Rf1 Qxh3+ 46. Kg1 Qg3+ 47. Kh1 Kg4 48. Rg1 Kh3 49. Rxg3+ 1-0

[Event "*** Titled Tuesday Blitz"]
[Site "Chess.com"]
[Date "2020.04.21"]
[Round "1"]
[White "Tapuah"]
[Black "Oglob71"]
[Result "1/2-1/2"]
[WhiteElo "2846"]
[BlackElo "2454"]
[TimeControl "180+1"]
[EndTime "10:08:00 PDT"]
[Termination "Game drawn - insufficient material"]

1. e4 c5 2. Nf3 e6 3. d4 cxd4 4. Nxd4 a6 5. Nc3 Qc7 6. f4 Bb4 7. Qf3 Nf6 8. Bd2 Nc6 9. Nxc6 dxc6 10. e5 Nd5 11. O-O-O Be7 12. Ne4 b5 13. Kb1 Bb7 14. c4 bxc4 15. Bxc4 O-O-O 16. Rc1 Kb8 17. Qb3 Ka8 18.
Rhd1 Rb8 19. Qd3 Qb6 20. Bb3 Rhd8 21. Qe2 a5 22. Bc4 Ba6 23. b3 Bb5 24. Bxb5 cxb5 25. Qf3 Ba3 26. Rc2 Rbc8 27. Rxc8+ Rxc8 28. Qd3 Kb7 29.
Nc3 Nxc3+ 30. Bxc3 Rc7 31. Qe4+ Qc6 32. Qxc6+ Rxc6 33.
Bxa5 Ka6 34. Bd2 Rc7 35. Bc1 Bxc1 36. Rxc1 Rd7 37. Kc2 Rd4 38. g3 Rd7 39. Rd1 Rc7+ 40. Kb2 b4 41. Rd4 Kb5 42. h4 h5 43. Rd3 g6 44. a3 bxa3+ 45. Kxa3 Rc1 46. Rd7 Ra1+ 47. Kb2 Rg1 48. Rxf7 Rxg3 49. Rf6 Rg4 50. Rxe6 Rxf4 51. Rxg6 Rxh4 52. Rd6 Kc5 53. Rh6 Kd5 54. e6 Kd6 55. Kc3 Rh1 56. b4 h4 57. b5 h3 58.
b6 h2 59. b7 Rb1 60. Rxh2 Rxb7 61. Re2 Re7 62. Kc4 Rxe6 63. Rxe6+ Kxe6 1/2-1/2

[Event "*** Titled Tuesday Blitz"]
[Site "Chess.com"]
[Date "2020.04.21"]
[Round "1"]
[White "algatar2020"]
[Black "maximnovik"]
[Result "1/2-1/2"]
[WhiteElo "1929"]
[BlackElo "2461"]
[TimeControl "180+1"]
[EndTime "10:08:00 PDT"]
[Termination "Game drawn by repetition"]

1. d4 Nf6 2. Nf3 g6 3. Bf4 Bg7 4. e3 c5 5. c3 O-O 6. Nbd2 d6 7.
h3 Be6 8. Be2 Qb6 9. Qc2 Nc6 10.
Nc4 Bxc4 11. Bxc4 Rac8 12. Qe2 d5 13. Bd3 c4 14. Bb1 Nh5 15. Bh2 Rfe8 16. O-O e5 17.
g4 exd4 18. gxh5 dxc3 19. bxc3 Bxc3 20. hxg6 hxg6 21. Bxg6 fxg6 22. Rab1 Qa6 23. Qc2 Bg7 24.
Qxg6 Nd4 25. Qxa6 Nxf3+ 26. Kg2 Nh4+ 27. Kg3 bxa6 28. Kxh4 c3 29. Rg1 Re7 30. Bd6 Rf7 31. Be5 Rc4+ 32. f4 c2 33. Rbc1 Kh7 34. Rxg7+ Rxg7 35. Bxg7 Kxg7 36. Kg5 Rc3 37. h4 a5 38. a4 Kf7 39. h5 Ke6 40. h6 Rxe3 41. h7 Rh3 42. Kg6 Rg3+ 43. Kh6 Rh3+ 44. Kg7 Rg3+ 45. Kh6 Rh3+ 46.
Kg6 Rg3+ 47. Kh6 1/2-1/2

[Event "*** Titled Tuesday Blitz"]
[Site "Chess.com"]
[Date "2020.04.21"]
[Round "1"]
[White "AshotParvanyan"]
[Black "Nellichka"]
[Result "1-0"]
[WhiteElo "2515"]
[BlackElo "2100"]
[TimeControl "180+1"]
[EndTime "10:08:01 PDT"]
[Termination "AshotParvanyan won on time"]

1. Nf3 d5 2. d4 Nf6 3. c4 dxc4 4. e3 e6 5. Bxc4 c5 6. O-O cxd4 7. exd4 Bd6 8. Nc3 O-O 9. Qe2 a6 10. Rd1 Qc7 11.
Bg5 Nbd7 12. Rac1 b5 13. Bd3 Qb6 14. Ne4 Bb7 15. Nxf6+ Nxf6 16. Ne5 Bxe5 17. dxe5 Nd5 18. Qh5 g6 19. Qh6 f5 20. exf6 Nxf6 21. Bxg6 Qxf2+ 22. Kxf2 Ng4+ 23. Kg1 Nxh6 24. Bxh6 hxg6 25. Bxf8 Rxf8 26. Rc7 Bd5 27. Rf1 Rd8 28. Rd1 Rf8 29.
a3 Rf4 30. Rd2 Rc4 31. Rxc4 bxc4 32. Kf2 Kg7 33. Ke3 Kf6 34. Kd4 Kf5 35. Rf2+ Kg4 36.
Ke3 Kg5 37. g3 Kg4 38. Rf4+ Kh3 39. Rh4+ Kg2 40. Rh6 g5 41. h4 gxh4 42. gxh4 Kg3 43. h5 Kg4 44. Rh8 Kf5 45. Kd4 Bg2 46. Rc8 1-0

[Event "*** Titled Tuesday Blitz"]
[Site "Chess.com"]
[Date "2020.04.21"]
[Round "1"]
[White "ApacheSVD"]
[Black "Harsha_Bharathakoti"]
[Result "0-1"]
[WhiteElo "2419"]
[BlackElo "2799"]
[TimeControl "180+1"]
[EndTime "10:08:02 PDT"]
[Termination "Harsha_Bharathakoti won by checkmate"]

1. e4 c5 2. Nf3 Nc6 3. d4 cxd4 4. Nxd4 Nf6 5. Nc3 d6 6. Bg5 e6 7. Qd2 a6 8. Be2 Be7 9. O-O-O Bd7 10. f4 Rc8 11. Kb1 b5 12. a3 b4 13. Nxc6 bxc3 14. Nxd8 cxd2 15. Bxf6 Bxf6 16. Nb7 Ke7 17. Nxd6 Kxd6 18.
e5+ Bxe5 19. Rxd2+ Ke7 20. fxe5 Rc5 21. Rhd1 Bc6 22.
Bxa6 Rxe5 23. Re2 Rxe2 24. Bxe2 Bxg2 25. Rg1 Be4 26. Rxg7 Kf6 27. Rg3 Ke5 28. b4 f5 29.
Kb2 f4 30. Rc3 Rg8 31. b5 Rg2 32. Bf3 Bxf3 33. Rxf3 Ke4 34. Rb3 f3 35. Rb4+ Ke3 36. b6 f2 37. b7 Rg8 38. Rb3+ Ke2 39. b8=Q Rxb8 40. Rxb8 f1=Q 41. Re8 Qf6+ 42. Ka2 Kd2 43. Rc8 Kc1 44. Rb8 Kxc2 45. a4 Kd3 46. a5 Qf2+ 47. Kb3 Qc2+ 48. Ka3 Qc5+ 49. Ka4 Qc6+ 50. Ka3 Qd6+ 51.
Rb4 Kc3 52. a6 Qxb4+ 53. Ka2 Qb2# 0-1

[Event "*** Titled Tuesday Blitz"]
[Site "Chess.com"]
[Date "2020.04.21"]
[Round "1"]
[White "GodDMuhammad"]
[Black "Kildepiotr"]
[Result "1-0"]
[WhiteElo "2189"]
[BlackElo "2534"]
[TimeControl "180+1"]
[EndTime "10:08:02 PDT"]
[Termination "GodDMuhammad won on time"]

1. Nf3 g6 2. g3 Bg7 3. Bg2 d5 4. d3 Nf6 5. Nbd2 O-O 6. O-O Nbd7 7. e4 dxe4 8. dxe4 e5 9. Re1 Qe7 10. Qe2 b6 11. b3 Bb7 12. Bb2 a5 13. a4 Rfd8 14. Rad1 Ne8 15. Nc4 f6 16. h4 Nc5 17.
g4 Rxd1 18. Rxd1 Bxe4 19. g5 Rd8 20. Rxd8 Qxd8 21. gxf6 Nxf6 22. Nfxe5 Bxg2 23. Kxg2 Nh5 24. Qg4 Qd5+ 25. Kg1 Qe6 26. Qf3 Nf6 27. Qa8+ Qe8 28. Qf3 Nfe4 29. h5 gxh5 30. Qf5 Qf8 31. Qxf8+ Bxf8 32. Nf3 Bg7 33. Bxg7 Kxg7 34. Nd4 Kf6 35. f3 Ng5 36.
Kf2 Nge6 37. Nb5 Kf5 38. Ne3+ Ke5 39. Nc4+ Kd5 40. Ne3+ Kc6 41. Nf5 Na6 42. Ke3 Nb4 43. c3 Nd5+ 44. Kd3 Nc5+ 45. Kc4 h4 46. Nbd4+ Kb7 47.
Kxd5 h3 48. Ng3 h2 49. Kc4 Nd7 50. f4 Nf6 51. Nf3 1-0

[Event "*** Titled Tuesday Blitz"]
[Site "Chess.com"]
[Date "2020.04.21"]
[Round "1"]
[White "pheonixking2000"]
[Black "RubensCezila"]
[Result "1-0"]
[WhiteElo "2807"]
[BlackElo "2429"]
[TimeControl "180+1"]
[EndTime "10:08:03 PDT"]
[Termination "pheonixking2000 won by resignation"]

1. c4 Nf6 2. g3 g6 3. Bg2 Bg7 4. Nf3 O-O 5. O-O d6 6. d4 Nbd7 7. Nc3 e5 8. e4 c6 9. b3 Re8 10. Re1 exd4 11. Nxd4 Nc5 12. h3 a5 13. Bf4 Nh5 14. Be3 Nf6 15. Qc2 Nfd7 16. Rad1 Qb6 17. Nde2 Qc7 18. Qd2 Bf8 19. Kh2 Ne5 20. Qc2 h5 21. f4 Ned7 22. Ng1 Nf6 23. Bd4 Nfd7 24. Nf3 Ne6 25. Bf2 Bg7 26. Qd2 Nec5 27. Bd4 Bh6 28. Qf2 Ne6 29. Be3 Bg7 30. Nd4 Ndc5 31. f5 Nxd4 32. Bxd4 Be5 33. Rf1 g5 34. Bxe5 Rxe5 35. Qd4 f6 36. Qxd6 Qxd6 37. Rxd6 Kf7 38. Rfd1 Re8 39.
Kg1 Re7 40. Kf2 Rd7 41. Ke3 Ke7 42. e5 fxe5 43. f6+ Ke8 44. Ne4 Nxe4 45. Kxe4 Rxd6 46. Rxd6 a4 47. b4 Bd7 48. Kxe5 a3 49. h4 Ra4 50. Be4 Rxb4 51. Bg6+ Kd8 52. Bf5 1-0

[Event "*** Titled Tuesday Blitz"]
[Site "Chess.com"]
[Date "2020.04.21"]
[Round "1"]
[White "crazy_but_lazy"]
[Black "jacky72"]
[Result "0-1"]
[WhiteElo "2368"]
[BlackElo "2706"]
[TimeControl "180+1"]
[EndTime "10:08:03 PDT"]
[Termination "jacky72 won by checkmate"]

1. d4 Nf6 2. c4 c6 3. Nc3 d5 4.
cxd5 cxd5 5. Bf4 Nc6 6. e3 a6 7. Bd3 e6 8. Nf3 Be7 9. O-O O-O 10. Rc1 Nh5 11. Bg3 Nxg3 12. hxg3 Bd7 13. a3 b5 14. Ne5 Nxe5 15. dxe5 Qb6 16. Ne2 Rfc8 17.
Nd4 b4 18. a4 b3 19. Qxb3 Qxb3 20. Nxb3 Bxa4 21. Nd4 Bd7 22. Rxc8+ Bxc8 23. Rc1 Kf8 24. g4 h6 25. Kf1 Ke8 26. Rc6 Kd7 27. Ke2 Bb7 28. Rc1 Rc8 29. Ra1 Rb8 30. Bxa6 Bxa6+ 31. Rxa6 Rxb2+ 32. Kf3 Rb7 33. g3 Bc5 34. Ra4 g5 35. Ne2 Ba7 36. Nd4 Bb8 37. Ke2 Bxe5 38. f4 Bxd4 39. Rxd4 Rb2+ 40. Kf3 Kd6 41. Ra4 Rb3 42.
Ra6+ Ke7 43. Ra7+ Kf6 44. Ra4 Kg6 45. Rd4 Ra3 46. Rb4 Kf6 47. Kf2 Ke7 48. Kf3 Kd6 49.
Rb6+ Kc5 50. Rb7 d4 51. Rxf7 Rxe3+ 52. Kf2 Ra3 53. Rc7+ Kd5 54. Rd7+ Ke4 55. f5 Ra2+ 56. Kg1 exf5 57. gxf5 d3 58. f6 Ra6 59. f7 Rf6 60. Re7+ Kd4 61. Rd7+ Kc3 62. Rc7+ Kb2 63. Rd7 Kc2 64.
Rc7+ Kd1 65. Rd7 d2 66. Kg2 g4 67. Kg1 Ke2 68. Re7+ Kf3 69. Rd7 Kxg3 70. Rxd2 Rxf7 71. Rd3+ Rf3 72. Rd2 h5 73. Rg2+ Kf4 74. Ra2 h4 75. Kh2 h3 76. Kg1 Kg3 77. Kh1 Rf1# 0-1

[Event "*** Titled Tuesday Blitz"]
[Site "Chess.com"]
[Date "2020.04.21"]
[Round "1"]
[White "karinachess1"]
[Black "KhamzinOlzhas"]
[Result "0-1"]
[WhiteElo "2475"]
[BlackElo "2440"]
[TimeControl "180+1"]
[EndTime "10:08:03 PDT"]
[Termination "KhamzinOlzhas won on time"]

1. Nf3 c5 2. c4 Nc6 3. d4 cxd4 4. Nxd4 Nf6 5. Nc3 e6 6. a3 Bc5 7. Nc2 O-O 8. g3 Qb6 9. e3 Ne5 10.
b4 Qc6 11. e4 Nxe4 12. Nxe4 Qxe4+ 13. Qe2 Nd3+ 14. Kd2 Qxh1 15. Kxd3 Be7 16. Bb2 d5 17. c5 b6 18. Kd2 Qxh2 19. Ne3 Qh6 20. Kc2 bxc5 21. Ng4 Qg6+ 22. Kb3 c4+ 23. Ka2 f6 24. Re1 a5 25. b5 a4 26. Bg2 Bc5 27. Ne3 Bd7 28.
f4 f5 29. g4 fxg4 30. f5 Rxf5 31. Nxf5 Qxf5 32. Rf1 Qg6 33. Qe5 Rf8 34. Rxf8+ Bxf8 35. b6 Qc2 36. Qc3 Qb3+ 37. Qxb3 axb3+ 38. Ka1 Bc6 39. a4 Bc5 40. a5 d4 41. Bxc6 c3 42. b7 Ba7 43. Ba3 d3 44. Bb5 d2 45. Be2 c2 46.
Kb2 c1=Q+ 47. Kxb3 d1=Q+ 48. Bxd1 Qxd1+ 49. Kb4 Qb1+ 50. Kc4 Qxb7 51. Bd6 Qa6+ 0-1

[Event "*** Titled Tuesday Blitz"]
[Site "Chess.com"]
[Date "2020.04.21"]
[Round "1"]
[White "Nara_Kh"]
[Black "Ellaijio_B"]
[Result "0-1"]
[WhiteElo "2347"]
[BlackElo "2679"]
[TimeControl "180+1"]
[EndTime "10:08:04 PDT"]
[Termination "Ellaijio_B won by resignation"]

1. e4 c5 2. Nf3 e6 3. d4 cxd4 4. Nxd4 a6 5. Bd3 Bc5 6. Nb3 Be7 7. Qg4 g6 8. Qe2 d6 9. c4 Qc7 10. Nc3 b6 11. O-O Nd7 12. a4 Bb7 13. a5 Ngf6 14.
Be3 Rb8 15. axb6 Nxb6 16. Na5 Ba8 17. b4 O-O 18. Rab1 Nbd7 19. Rfc1 Rfe8 20. Qa2 Ng4 21. Qe2 Nxe3 22. Qxe3 Ne5 23. Be2 g5 24. g3 h6 25.
f4 gxf4 26. gxf4 Ng6 27. Kh1 Rxb4 28. Rxb4 Qxa5 29. Rbb1 d5 30. cxd5 Bc5 31. Qf3 Bd4 32. Rb3 Kh7 33. Bc4 Qc7 34. Qd3 Qxf4 35. Rf1 Qe5 36. Ne2 exd5 37. Qxd4 dxc4 38. Rxf7+ Kg8 39. Qxe5 Nxe5 40. Rf4 cxb3 41. Nc3 b2 42. Rf1 Nd3 43. Rb1 Bxe4+ 44. Nxe4 Rxe4 45. Kg2 Rc4 46. Kf3 Rc1 47.
Rxb2 Nxb2 48. Ke3 Rc4 49. Kd2 a5 50. Ke3 a4 51. Kd2 a3 52. Ke3 a2 53. Kd2 a1=Q 54.
Ke3 Qa3+ 55. Kd2 Qb3 0-1

[Event "*** Titled Tuesday Blitz"]
[Site "Chess.com"]
[Date "2020.04.21"]
[Round "1"]
[White "kuba2006"]
[Black "gena217"]
[Result "0-1"]
[WhiteElo "2458"]
[BlackElo "2904"]
[TimeControl "180+1"]
[EndTime "10:08:05 PDT"]
[Termination "gena217 won on time"]

1. e4 c6 2. d4 d5 3. e5 Bf5 4.
Nf3 e6 5. a3 c5 6. c4 Nc6 7.
cxd5 Qxd5 8. Nc3 Qd7 9. Be3 cxd4 10.
Nxd4 Nxd4 11. Qxd4 Qxd4 12. Bxd4 a6 13. f4 Ne7 14.
O-O-O Rc8 15. Bd3 Nd5 16. Bxf5 exf5 17. Kd2 Nxf4 18. Rhf1 Ne6 19. Bb6 g6 20. Nd5 Bg7 21. Rc1 Rc6 22. Rxc6 bxc6 23. Nf6+ Bxf6 24. exf6 Kd7 25.
a4 c5 26. Kc3 Kc6 27. a5 Re8 28. Re1 Nc7 29. Rxe8 Nxe8 30. Bd8 Nd6 31. Be7 Ne4+ 32. Kc4 f4 33. h4 h6 34. Bf8 h5 35. Bh6 Nxf6 36.
Bxf4 Ne4 37. Be3 f6 38. Bf4 g5 39. hxg5 fxg5 40. Be5 h4 41. Bh2 g4 42. Bf4 h3 43.
gxh3 gxh3 44. Kd3 Kd5 45. Ke3 Nd6 46. Kf3 Nc4 47. Bc1 Nxa5 48. Kg3 Kc4 49. Kxh3 Kb3 50.
Kg3 Nc4 51. Kf3 Nxb2 52. Ke3 c4 53. Kd4 c3 54. Kc5 a5 0-1

[Event "*** Titled Tuesday Blitz"]
[Site "Chess.com"]
[Date "2020.04.21"]
[Round "1"]
[White "WinningButNotReally"]
[Black "kpio91"]
[Result "0-1"]
[WhiteElo "2409"]
[BlackElo "2783"]
[TimeControl "180+1"]
[EndTime "10:08:05 PDT"]
[Termination "kpio91 won by resignation"]

1. Nf3 f5 2. c4 Nf6 3. g3 g6 4. Bg2 Bg7 5. O-O O-O 6. Nc3 d6 7. d4 Nc6 8. d5 Na5 9. Nd2 c5 10. Rb1 Bd7 11. a3 b6 12. b4 Nb7 13. Bb2 Qe8 14.
e4 Nd8 15. Qe2 f4 16. e5 dxe5 17. gxf4 exf4 18. d6 Ne6 19. Bxa8 Qxa8 20. dxe7 Re8 21. Nd5 Nxd5 22. Bxg7 Kxg7 23. cxd5 Qxd5 24. Nf3 Rxe7 25. Rfd1 Qf5 26. Qe5+ Qxe5 27. Nxe5 Ba4 28. Rd6 Nd4 29. Nc4 Bc2 30. Ra1 Bd3 31. Nd2 Re2 32. Nf3 Nxf3+ 33. Kg2 Nd4 34. Rd7+ Kh6 35. bxc5 bxc5 36. h4 Be4+ 37.
Kf1 Rb2 38. Rd1 Rb7 39. Rxb7 Bxb7 40. Rb1 Ba6+ 41. Kg2 Kh5 42. Rb8 Bc4 43. Kh3 Be6+ 44. Kh2 Kxh4 45. Rb7 a5 46. Rxh7+ Kg5 47. Re7 Kf6 48.
Rc7 Nb3 49. a4 c4 50. Kg2 Ke5 51. Kf3 Bd5+ 52. Ke2 g5 53. Rg7 Kf5 54. Rd7 Be6 55. Rd6 g4 56. Rc6 g3 57. fxg3 fxg3 58. Rc7 g2 59. Kf2 Bd5 60. Rd7 Ke5 61. Re7+ Kd4 62. Rh7 c3 63. Rh4+ Be4 64. Rh8 c2 65. Rc8 c1=Q 66. Rxc1 0-1

[Event "*** Titled Tuesday Blitz"]
[Site "Chess.com"]
[Date "2020.04.21"]
[Round "1"]
[White "GMMarcinDziuba"]
[Black "The_Machine04"]
[Result "1-0"]
[WhiteElo "2679"]
[BlackElo "2350"]
[TimeControl "180+1"]
[EndTime "10:08:05 PDT"]
[Termination "GMMarcinDziuba won by resignation"]

1. Nf3 Nf6 2. d4 d6 3. c4 g6 4. Nc3 Bf5 5. h3 Ne4 6. Nd5 c6 7. Ne3 Bc8 8. Nd2 Nxd2 9. Bxd2 Bg7 10. Bc3 d5 11. g3 Be6 12. Bg2 dxc4 13. O-O O-O 14.
d5 cxd5 15. Bxg7 Kxg7 16. Nxd5 Nc6 17. Rc1 Qd7 18. Nf4 Na5 19. Qe1 Nc6 20. Qc3+ Qd4 21. Bxc6 Qxc3 22. Rxc3 bxc6 23. Nxe6+ fxe6 24. Rxc4 Rab8 25. b3 Rfd8 26. Rxc6 Rd2 27. Ra6 Rb7 28. e3 Kf7 29.
Rc1 h6 30. h4 g5 31. h5 Rbd7 32. e4 Re2 33. Rf1 Rxe4 34. Kg2 Re2 35. Kf3 Rb2 36. Re1 Rdd2 37. Rxa7 Rxf2+ 38. Kg4 Rxa2 39. Rxa2 Rxa2 40. Rb1 Ra5 41. b4 Rb5 42. Kf3 Kf6 43. Ke4 g4 44. Kd4 Rxh5 45. b5 Rd5+ 46. Ke4 Rd7 47.
b6 Rb7 48. Rb5 e5 49. Kd5 h5 50. Kc6 h4 51. Kxb7 h3 52. Rb2 h2 53. Rxh2 e4 54. Kc6 e3 55. b7 e2 56. Rxe2 1-0

[Event "*** Titled Tuesday Blitz"]
[Site "Chess.com"]
[Date "2020.04.21"]
[Round "1"]
[White "Casablanca"]
[Black "vanea_03"]
[Result "0-1"]
[WhiteElo "2317"]
[BlackElo "2652"]
[TimeControl "180+1"]
[EndTime "10:08:07 PDT"]
[Termination "vanea_03 won by resignation"]

1. d4 d5 2. c4 dxc4 3. e4 Nf6 4. e5 Nd5 5. Bxc4 Nb6 6. Bb3 Nc6 7. Be3 Bf5 8. Nc3 e6 9. Nge2 Qd7 10. O-O O-O-O 11. Qd2 Kb8 12. Rac1 f6 13. exf6 gxf6 14. Rfd1 Na5 15. Ng3 Nxb3 16. axb3 Bg6 17. Nce2 Bd6 18. Nf4 Nd5 19. Nxd5 exd5 20. Bf4 Rhe8 21.
Re1 a6 22. Bxd6 Qxd6 23. Rxe8 Rxe8 24. Re1 Rxe1+ 25. Qxe1 Qf4 26. Qc3 b6 27. b4 Kb7 28.
h3 h5 29. Ne2 Qe4 30. Ng3 Qb1+ 31. Kh2 h4 32. Ne2 Qe4 33. Qe3 Qxe3 34. fxe3 Kc6 35.
Nc3 Kd6 36. g3 hxg3+ 37. Kxg3 c5 38. bxc5+ bxc5 39. h4 a5 40. Kg4 Kc6 41. h5 Bh7 42. h6 Kd6 43. Na4 c4 44. Nc3 Ke6 45. Kf4 Kd6 46. Kg4 Ke6 47. Ne2 Kd6 48. Nf4 Kc6 49.
Kh5 c3 50. bxc3 a4 51. Ne2 a3 52. Nc1 Kb5 53. Kg4 Kc4 54. Kf3 Kxc3 55. Na2+ Kb3 56. Nc1+ Kb2 0-1

[Event "*** Titled Tuesday Blitz"]
[Site "Chess.com"]
[Date "2020.04.21"]
[Round "1"]
[White "TregubovP"]
[Black "Kaua18"]
[Result "1-0"]
[WhiteElo "2564"]
[BlackElo "2207"]
[TimeControl "180+1"]
[EndTime "10:08:07 PDT"]
[Termination "TregubovP won by resignation"]

1. e4 c5 2. Nf3 Nc6 3. c3 Nf6 4. e5 Nd5 5. d4 cxd4 6. cxd4 e6 7.
Bc4 d6 8. O-O Be7 9. Qe2 O-O 10.
Rd1 Qc7 11. a3 b6 12. Bxd5 exd5 13. Nc3 Be6 14. Bf4 dxe5 15. Nxe5 Nxe5 16. Bxe5 Qd7 17. h3 Bf5 18. Rac1 Rac8 19. Qf3 Be6 20. Re1 Rfd8 21. Qg3 Bf8 22. Re3 Bf5 23. Rce1 Bg6 24. h4 b5 25. Bf4 a5 26. Re5 Qc6 27. h5 f6 28.
Re6 Qd7 29. hxg6 hxg6 30. Qxg6 b4 31. axb4 axb4 32. Nd1 Qf7 33. Qxf7+ Kxf7 34. Rb6 Rc4 35. Rb7+ Kg6 36. Be3 Re8 37. Kf1 Ra8 38. b3 Rc2 39. Bf4 Raa2 40. Bg3 Rd2 41. Rb8 Kf7 42. Ne3 Rxd4 43.
Nf5 Re4 44. Rxe4 dxe4 45. Bd6 Bxd6 46. Nxd6+ Ke6 47. Nxe4 Rb2 48. Rxb4 Kd5 49. g4 Rb1+ 50. Kg2 Re1 51. f3 Ke5 52. Kg3 Rg1+ 53. Kf2 Rb1 54.
Rb5+ Ke6 55. Kg3 Rg1+ 56. Kf4 g5+ 57. Ke3 Re1+ 58. Kf2 Ra1 59. Rb6+ Ke5 60. Rxf6 Ra2+ 61. Kg3 Rb2 62. Rf5+ Ke6 63. Rb5 Rxb3 64. Rxb3 1-0